 Dungeon Crawl Stone Soup version 0.22-a0-772-gac08f70 (webtiles) character file.

58 inmateoo the Skirmisher (level 4, -1/40 HPs)
             Began as a Hill Orc Enchanter on July 17, 2018.
             Slain by an ogre
             ... wielding a +0 giant club
              (20 damage)
             ... on level 2 of the Dungeon.
             The game lasted 00:02:30 (2450 turns).

inmateoo the Skirmisher (Hill Orc Enchanter)        Turns: 2450, Time: 00:02:31

Health: -1/40      AC:  2    Str: 11    XL:     4   Next: 1%
Magic:  0/6        EV: 12    Int: 15    God:
Gold:   86         SH:  0    Dex: 11    Spells: 0/6 levels left

rFire    . . .     SeeInvis .   a - +1 dagger
rCold    . . .     Gourm    .   (no shield)
rNeg     . . .     Faith    .   b - +0 robe
rPois    .         Spirit   .   (no helmet)
rElec    .         Reflect  .   (no cloak)
rCorr    .         Harm     .   (no gloves)
MR       .....                  (no boots)
Stlth    ++........             (no amulet)
HPRegen  0.13/turn              (no ring)
MPRegen  0.10/turn              (no ring)

@: no status effects
A: no striking features
a: no special abilities


You were on level 2 of the Dungeon.
You were hungry.

You visited 1 branch of the dungeon, and saw 2 of its levels.

You collected 86 gold pieces.

Inventory:

Hand Weapons
 a - a +1 dagger (weapon)
 o - a +0 war axe
Armour
 b - a +0 robe (worn)
 j - a +0 scale mail
 l - a +0 chain mail
Scrolls
 c - a scroll of identify {unknown}
 f - a scroll of remove curse
 g - a scroll of magic mapping {unknown}
 i - 2 scrolls of teleportation {unknown}
Potions
 e - 3 potions of curing {unknown}
 h - a potion of flight {unknown}
 k - a potion of invisibility {unknown}
 m - 2 potions of mutation {unknown}
 n - a potion of brilliance {unknown}
Comestibles
 d - 6 rations


   Skills:
 + Level 4.1 Fighting
 - Level 1.0 Short Blades
 * Level 0.7 Axes
 - Level 1.5 Dodging
 - Level 2.4 Stealth
 - Level 1.5 Spellcasting
 - Level 3.0 Hexes


You couldn't memorise any spells.
You knew the following spells:

 Your Spells              Type           Power        Failure   Level  Hunger
a - Corona                Hex            ##.....      7%          1    ##.....
b - Ensorcelled Hibernat  Hex/Ice        #.....       19%         2    ###....
c - Confuse               Hex            ##......     21%         3    ####...

Your spell library contained the following spells:

 Spells                   Type           Power        Failure   Level  Hunger
 Tukima's Dance           Hex            ##......     21%         3    ####...
 Dazzling Spray           Conj/Hex       #.....       36%         3    ####...


Dungeon Overview and Level Annotations

Branches:
Dungeon (2/15)

Altars:
Uskayaw


Message History

You hit the ogre but do no damage.
The ogre is heavily wounded.
You hit the ogre.
The ogre is heavily wounded.
The ogre closely misses you.
You hit the ogre.
The ogre is severely wounded.
The ogre hits you with a giant club!
You are too injured to fight recklessly!
You are too injured to fight recklessly!
Things that are here:
a club; a dagger
Casting: Confuse (safe; 21% risk of failure)
Confirm with . or Enter, or press ? or * to list all spells.
Aiming: Ensorcelled Hibernation (safe; 19% risk of failure)
Press: ? - help, Shift-Dir - straight line, f/p - ogre
Aim: an ogre, wielding a giant club (heavily wounded, chance to defeat MR: 37%)
The ogre easily resists.
The ogre hits you with a giant club!!
Ouch! That really hurt!
You die...

#.......###.....#
#.........#.#...#
#.......#)._....#
#.......###.#...# #.......#
#.....# ####.......###.....#
#..................####
#.##..................#
#.##.......@##.##.....#
#.##.......O#...#.....#
#.##............#.....#
#.##........#.#.#..<..#####
#.##........###.#.........#
#.##........'...#.........##
#.##........#####.........'.
#.#######(.....)(.........##
#.# #..#######........#


You could see an ogre.

Vanquished Creatures
  An adder (D:1)
  An ooze (D:1)
  2 leopard geckos
  3 ball pythons
  4 bats
  A giant cockroach (D:1)
  9 goblins
  7 hobgoblins
  3 frilled lizards (D:1)
  4 kobolds
  3 rats
38 creatures vanquished.

Notes
Turn   | Place    | Note
-------+----------+-------------------------------------------
     0 | D:1      | inmateoo the Hill Orc Enchanter began the quest for the Orb.
     0 | D:1      | Reached XP level 1. HP: 14/14 MP: 3/3
   265 | D:1      | Reached skill level 1 in Fighting
   287 | D:1      | Reached XP level 2. HP: 22/24 MP: 4/4
   291 | D:1      | Learned a level 2 spell: Ensorcelled Hibernation
   358 | D:1      | Reached skill level 2 in Fighting
   981 | D:1      | Reached skill level 3 in Fighting
   997 | D:1      | Reached XP level 3. HP: 31/31 MP: 5/5
  1385 | D:2      | Found a hide-covered altar of Uskayaw.
  1825 | D:2      | Reached skill level 4 in Fighting
  2172 | D:2      | Reached XP level 4. HP: 25/40 MP: 6/6
  2172 | D:2      | Noticed an ogre
  2376 | D:2      | Learned a level 3 spell: Confuse
  2450 | D:2      | Slain by an ogre

Vault maps used:
D:1:      minmay_arrival_solitary_statue, minmay_misc_feat_roman,
          serial_bayou_pond_d
D:2:      lemuel_crystal_altar, lemuel_coloured_pillars_altar

Skill      XL: |  1  2  3 |
---------------+----------+-----
Fighting       | 1 3 4 |  4.1
Short Blades   | |  1.0
Axes           | |  0.7
Dodging        | |  1.5
Stealth        | |  2.4
Spellcasting   | |  1.5
Hexes          | |  3.0

Action                   |  1- 3 |  4- 6 || total
-------------------------+-------+-------++-------
Melee: Dagger            |   173 |     8 ||   181
       War axe           |     8 |     1 ||     9
 Cast: Corona            |     2 |       ||     2
       Ensorcelled Hiber |     4 |     1 ||     5
       Confuse           |       |     3 ||     3
  Use: Scroll            |     1 |       ||     1
 Stab: Sleeping          |     2 |       ||     2
  Eat: Chunk             |     4 |     1 ||     5
Armor: Robe              |    36 |       ||    36
Dodge: Dodged            |   121 |     4 ||   125

Table legend:
 A = Spawn XP
 B = Non-spawn XP
 C = Spawn XP percentage of total XP
 D = Spawn monster count
 E = Non-spawn monster count
 F = Spawn count percentage of total count
 G = Total turns spent on level
                    A         B        C        D         E        F      G
               +---------+---------+-------+---------+---------+-------+---------
         Total |       0 |      83 |   0.0 |       0 |      38 |   0.0 |  2450
               +---------+---------+-------+---------+---------+-------+---------
           D:1 |       0 |      58 |   0.0 |       0 |      24 |   0.0 |  1680
           D:2 |       0 |      25 |   0.0 |       0 |      14 |   0.0 |   770
               +---------+---------+-------+---------+---------+-------+---------
